 Dungeon Crawl Stone Soup version 0.31-a0-232-gb1c03b2570 (webtiles) character file.

Game seed: 16195004965744653352

296 qw the Shooter (level 6, -6/52 HPs)
             Began as a Minotaur Hexslinger on July 6, 2023.
             Mangled by a gnoll
             ... wielding a +0 whip of electrocution
              (12 damage)
             ... on level 4 of the Dungeon.
             The game lasted 00:01:08 (2707 turns).

qw the Shooter (Minotaur Hexslinger)                Turns: 2707, Time: 00:01:09

Health: -6/52      AC:  6    Str: 13    XL:     6   Next: 12%
Magic:  6/6        EV: 11    Int: 10    God:
Gold:   81         SH:  0    Dex: 14    Spells: 6/7 levels left

rFire   . . .        Y - +1 sling
rCold   . . .        (no shield)
rNeg    . . .        a - +0 ring mail
rPois   .            (helmet restricted)
rElec   .            (no cloak)
rCorr   .            j - +0 pair of gloves
SInv    .            (no boots)
Will    .....        (no amulet)
Stlth   +            (no ring)
HPRegen 0.28/turn    (no ring)
MPRegen 0.10/turn

%: no passive effects
@: no status effects
A: horns 2, retaliatory headbutt
a: no special abilities


You were on level 4 of the Dungeon.
You visited 1 branch of the dungeon, and saw 4 of its levels.

You collected 198 gold pieces.
You spent 117 gold pieces at shops.


Innate Abilities, Weirdness & Mutations

You have a pair of horns on your head.
You reflexively headbutt those who attack you in melee.


   Skills:
 + Level 3.7 Fighting
 - Level 6.0 Ranged Weapons
 - Level 1.4 Armour
 - Level 2.1 Dodging
 - Level 1.0 Spellcasting
 - Level 2.0 Hexes


You had 6 spell levels left.
You knew the following spells:

 Your Spells              Type           Power      Damage    Failure   Level
a - Slow                  Hex            16%        N/A       32%         1

Your spell library contained the following spells:

 Spells                   Type           Power      Damage    Failure   Level
 Inner Flame              Hex/Fire       2%         N/A       82%         3
 Portal Projectile        Hex/Tloc       4%         N/A       82%         3
 Cause Fear               Hex            2%         N/A       97%         4

Inventory:

Hand Weapons
 Y - a +1 sling (weapon)
Armour
 a - a +0 ring mail (worn)
 j - a +0 pair of gloves (worn)
Scrolls
 c - 2 scrolls of identify
Potions
 e - a potion of might
 g - 2 potions of cancellation
 h - a potion of curing

Dungeon Overview and Level Annotations

Branches:
Dungeon (4/15)
 Temple: D:4-7

Altars:

Shops:
D:1 !


Message History

The gnoll barely misses you. You furiously retaliate!
You headbutt the gnoll.
You kill the gnoll!
The gnoll barely misses you. You furiously retaliate!
You headbutt the gnoll! You shoot a sling bullet.
The sling bullet closely misses the gnoll.
The gnoll hits you with a +0 club.
2697 ||| DRINKING potion of heal wounds.
You feel much better. The gnoll closely misses you.
The gnoll hits you but does no damage.
You shoot a sling bullet. The sling bullet hits the gnoll.
You kill the gnoll!
The gnoll closely misses you. You furiously retaliate!
You headbutt the gnoll, but do no damage.
You shoot a sling bullet.
The sling bullet closely misses the gnoll.
The gnoll barely misses you.
You shoot a sling bullet.
The sling bullet barely misses the gnoll.
The gnoll hits you but does no damage.
You are electrocuted!
You shoot a sling bullet. The gnoll blocks the sling bullet.
The gnoll misses you. You furiously retaliate!
You headbutt the gnoll. You shoot a sling bullet.
The sling bullet closely misses the gnoll.
The gnoll misses you. x2
You shoot a sling bullet. The sling bullet hits the gnoll.
The gnoll is moderately wounded.
The gnoll barely misses you. You furiously retaliate!
You headbutt the gnoll. You shoot a sling bullet.
The sling bullet hits the gnoll.
The gnoll is severely wounded.
The gnoll barely misses you.
You shoot a sling bullet. The gnoll blocks the sling bullet.
The gnoll hits you but does no damage.
You shoot a sling bullet. The gnoll blocks the sling bullet.
The gnoll closely misses you.
You shoot a sling bullet.
The sling bullet barely misses the gnoll.
The gnoll hits you with a +0 whip of electrocution.
You are electrocuted!
The gnoll hits you but does no damage.
You are electrocuted!
You die...

# ##. #.#######
#.#..)g.# #.#.#@#
#.%.#:# .
###.#.#.#.# ..
#...#.....# ..#
#.#.#######..#
##.##........#
##...####....##
##..<.###.....#
##.....#.....#...#


You could see a gnoll.

Vanquished Creatures
  A scorpion (D:4)
  A hound (D:4)
  An iguana (D:4)
  2 gnolls (D:4)
  8 adders
  3 worms
  A dart slug (D:3)
  5 orcs
  5 bats
  7 endoplasms
  A giant cockroach (D:2)
  11 goblins
  7 hobgoblins
  3 kobolds
  4 quokkas
  7 ball pythons
  3 frilled lizards
  3 rats (D:1)
73 creatures vanquished.

Notes
Turn   | Place    | Note
-------+----------+-------------------------------------------
     0 | D:1      | qw the Minotaur Hexslinger began the quest for the Orb.
     0 | D:1      | Reached XP level 1. HP: 16/16 MP: 1/1
     0 | D:1      | 0 ||| qw: Version: 0.3-a-46-gb1f654a
     0 | D:1      | 0 ||| qw: Game counter: 2045
     0 | D:1      | 0 ||| qw: Melee chars always use a shield: true
     0 | D:1      | 0 ||| qw: God list: Okawaru
     0 | D:1      | 0 ||| qw: Allow faded altars: false
     0 | D:1      | 0 ||| qw: Do Orc after clearing Dungeon:15 true
     0 | D:1      | 0 ||| qw: Do second Lair branch before Depths: true
     0 | D:1      | 0 ||| qw: Lair rune preference: random
     0 | D:1      | 0 ||| qw: Goals: Normal
     0 | D:1      | 0 ||| PLANNING D:1-11
    82 | D:1      | Reached skill level 3 in Ranged Weapons
    99 | D:1      | Reached XP level 2. HP: 23/23 MP: 2/2
   217 | D:1      | You fall into a shaft and drop 1 floor!
   218 | D:2      | 218 ||| READING scroll labelled RITEPRAJAT.
   222 | D:2      | 222 ||| DROPPING scroll of poison.
   345 | D:3      | Reached XP level 3. HP: 11/29 MP: 3/3
   488 | D:3      | 488 ||| FLEEEEING.
   489 | D:3      | 489 ||| STAIRDANCE
   942 | D:1      | Reached skill level 4 in Ranged Weapons
   994 | D:1      | Found Niug's Distillery.
  1002 | D:1      | 1002 ||| SHOPLISTING 2 potions of enlightenment (130 gold,
                  | have 123).
  1002 | D:1      | 1002 ||| BUYING potion of heal wounds (65 gold).
  1002 | D:1      | Bought a potion of heal wounds for 65 gold pieces
  1002 | D:1      | 1002 ||| BUYING potion of might (52 gold).
  1002 | D:1      | Bought a potion of might for 52 gold pieces
  1002 | D:1      | 1002 ||| SHOPLISTING potion of mutation (104 gold, have 6).
  1005 | D:1      | 1005 ||| UPGRADING to +0 ring mail.
  1015 | D:1      | 1015 ||| DROPPING +0 robe.
  1277 | D:2      | Reached skill level 1 in Armour
  1296 | D:2      | Reached XP level 4. HP: 36/36 MP: 4/4
  1583 | D:2      | Found a faded altar of an unknown god.
  1629 | D:2      | Reached skill level 5 in Ranged Weapons
  1899 | D:2      | 1899 ||| UPGRADING to +0 pair of gloves.
  1904 | D:2      | 1904 ||| READING 2 scrolls labelled POT TIOKIQOSE.
  1905 | D:2      | 1905 ||| READING scroll labelled FAFONOTWAT.
  1906 | D:2      | 1906 ||| READING scroll labelled XOAXZA RIMMETEAN.
  1907 | D:2      | 1907 ||| DRINKING 3 blue potions.
  1928 | D:3      | 1928 ||| STAIRDANCE
  1968 | D:3      | 1968 ||| STAIRDANCE
  1988 | D:3      | 1988 ||| STAIRDANCE
  2346 | D:3      | Reached XP level 5. HP: 42/42 MP: 5/5
  2517 | D:3      | 2517 ||| READING scroll labelled NERUAB NITIRUDGH.
  2518 | D:3      | 2518 ||| DRINKING 2 cyan potions.
  2519 | D:3      | 2519 ||| READING 3 scrolls of identify.
  2519 | D:3      | 2519 ||| IDENTIFYING brown potion
  2520 | D:3      | 2520 ||| DROPPING potion of ambrosia.
  2600 | D:4      | Reached skill level 3 in Fighting
  2674 | D:4      | Reached skill level 6 in Ranged Weapons
  2678 | D:4      | HP: 10/45 [hound (4)]
  2679 | D:4      | 2679 ||| DRINKING 2 potions of heal wounds.
  2681 | D:4      | Identified the +0 kite shield of Weightlessness {Str+5
                  | Slay-4}
  2684 | D:4      | Reached XP level 6. HP: 35/51 MP: 6/6
  2696 | D:4      | HP: 10/51 [gnoll/+0 club (5)]
  2697 | D:4      | 2697 ||| DRINKING potion of heal wounds.
  2707 | D:4      | HP: 6/52 [gnoll/+0 whip of electrocution (10)]
  2707 | D:4      | Mangled by a gnoll

Levels and vault maps discovered:
D:1:      enne_arrival_octagon_isle, layout_basic, serial_shops, shop
D:2:      layout_basic, shapermc_ecumenical_altar_hornbeckon,
          minmay_curled_crystal, st_stairs_11, kennysheep_boxes
D:3:      layout_loops_ring, minivault_11
D:4:      layout_cave_pods, serial_shops, shop_statue, minmay_checkerbox,
          uniq_crazy_yiuf_cottage, uniq_menkaure, uniq_robin

Skill      XL: |  1  2  3  4  5 |
---------------+----------------+-----
Ranged Weapons | 3 4 5 6 |  6.0
Fighting       | 2 3 |  3.7
Armour         | 1 |  1.4
Dodging        | |  2.1
Spellcasting   | |  1.0
Hexes          | |  2.0

Action                     |  1- 3 |  4- 6 || total
---------------------------+-------+-------++-------
   Fire: Sling             |    98 |   174 ||   272
    Use: Scroll            |     1 |     5 ||     6
         Potion            |       |     4 ||     4
 Armour: Robe              |     4 |       ||     4
         Ring mail         |     5 |    40 ||    45
  Dodge: Dodged            |    33 |    66 ||    99

Table legend:
 A = Non-vault XP
 B = Vault XP
 C = Vault XP percentage of total XP
 D = Non-vault monster count
 E = Vault monster count
 F = Vault count percentage of total count
                 A         B        C        D         E       F
            +---------+---------+-------+---------+---------+-------
      Total |     252 |     172 |  40.6 |      65 |       8 |  11.0
            +---------+---------+-------+---------+---------+-------
        D:1 |      36 |       0 |   0.0 |      20 |       0 |   0.0
        D:2 |      89 |      29 |  24.6 |      25 |       4 |  13.8
        D:3 |      48 |       0 |   0.0 |      16 |       0 |   0.0
        D:4 |      79 |     143 |  64.4 |       4 |       4 |  50.0
            +---------+---------+-------+---------+---------+-------
